 Dungeon Crawl Stone Soup version 0.31-a0-152-g6aa68a64a1 (webtiles) character file.

Game seed: 12745392046504929132

284734 qw the Slayer (level 20, -6/210 HPs)
             Began as a Minotaur Hunter on June 10, 2023.
             Was an Elder of Okawaru.
             Mangled by an orc knight
             ... wielding a +1 glaive
              (16 damage)
             ... on level 3 of the Vaults.
             The game lasted 00:21:42 (39618 turns).

qw the Slayer (Minotaur Hunter)                    Turns: 39618, Time: 00:21:43

Health: -6/210     AC: 18    Str: 13    XL:     20   Next: 15%
Magic:  26/26      EV: 41    Int:  6    God:    Okawaru [****..]
Gold:   296        SH:  0    Dex: 29    Spells: 19/19 levels left

rFire   + + +        Y - +5 longbow
rCold   + . .        (shield currently unavailable)
rNeg    . . .        s - +2 ring mail {rPois}
rPois   +            c - +2 hat {Stlth+}
rElec   .            u - scarf {rC+ rF+}
rCorr   .            z - +1 pair of gloves "Mesech" {rF++ Str-3}
SInv    .            w - +0 pair of boots of Lies {Slay+3}
Will    +....        t - amulet of faith
Stlth   ++++         m - +6 ring of dexterity
HPRegen 0.55/turn    i - +5 ring of evasion
MPRegen 0.20/turn

%: faith
@: about to teleport, heroic, marked
A: horns 2, retaliatory headbutt
}: 1/15 runes: serpentine
a: Renounce Religion, Heroism, Finesse


You were on level 3 of the Vaults.
You worshipped Okawaru.
Okawaru was greatly pleased with you.
You visited 7 branches of the dungeon, and saw 33 of its levels.
You also visited: Ossuary and Gauntlet.

You collected 4031 gold pieces.
You spent 3735 gold pieces at shops.


Innate Abilities, Weirdness & Mutations

You have a pair of horns on your head.
You reflexively headbutt those who attack you in melee.


   Skills:
 - Level 25.0(27) Fighting
 - Level 20.0(25.0) Ranged Weapons
 - Level 14.0(19.0) Armour
 + Level 21.7(26.7) Dodging
 - Level 0.7(5.7) Stealth
 - Level 10.0 Invocations


You had 19 spell levels left.
You didn't know any spells.
Your spell library was empty.

Inventory:

Hand Weapons
 Y - a +5 longbow (weapon)
Armour
 c - a +2 hat of stealth (worn)
 e - a +2 pair of gloves
 l - a +1 cloak
 n - the +3 leather armour of Joy {rElec rC+}
   (You bought it in a shop on level 6 of the Dungeon)

   rC:        It protects you from cold.
   rElec:     It insulates you from electricity.
 r - a +0 troll leather armour
 s - a +2 ring mail of poison resistance (worn)
 u - a scarf of resistance (worn)
 w - the +0 pair of boots of Lies (worn) {Slay+3}
   (You bought it in a shop on level 2 of the Shoals)

   Slay:      It affects your accuracy & damage with ranged weapons and melee
   (+3).
 x - a +2 robe of resistance
 z - the +1 pair of gloves "Mesech" (worn) {rF++ Str-3}
   (Okawaru gifted it to you on level 3 of the Snake Pit)

   Str:       It affects your strength (-3).
   rF:        It greatly protects you from fire.
 B - a +1 ring mail of fire resistance
Jewellery
 g - an amulet of reflection
 i - a +5 ring of evasion (right hand)
 m - a +6 ring of dexterity (left hand)
 t - an amulet of faith (around neck)
 y - a ring of fire
Wands
 k - a wand of digging (5)
Scrolls
 a - 2 scrolls of enchant armour
 b - 17 scrolls of identify
Potions
 d - 23 potions of curing
 f - 5 potions of mutation
 j - 8 potions of haste
 p - 4 potions of magic
 q - 5 potions of cancellation
 v - 3 potions of might

Dungeon Overview and Level Annotations

Branches:
Dungeon (15/15)            Temple (1/1) D:6            Lair (5/5) D:11
 Shoals (3/4) Lair:3        Snake (4/4) Lair:2        Slime (0/5) Lair:5
    Orc (2/2) D:9             Elf (0/3) Orc:2        Vaults (3/5) D:14
  Crypt (0/3) Vaults:2     Depths (0/4) D:15        Ossuary (visited)
Gauntlet (visited)

Altars:
Ashenzari
Cheibriados
Dithmenos
Elyvilon
Fedhas
Gozag
Hepliaklqana
Kikubaaqudgha
Makhleb
Nemelex Xobeh
Okawaru
Qazlal
Ru
Sif Muna
Trog
Uskayaw
Vehumet
Wu Jian
Xom
Yredelemnul
Zin
The Shining One
Jiyva

Shops:
D:4 ?   D:6 *   D:14 *   Orc:2 ![[((*   Shoals:2 [   Shoals:3 *[:   Snake:4 =:=
Vaults:1 :   Vaults:2 [[

Portals:
Trove: D:14 (give +4 storm dragon scales)

Annotations:
D:4 3 runed translucent doors, qw's ghost, amateur MiHu
D:14 4 runed translucent doors
Lair:3 1 runed translucent door, qw's ghost, journeyman MiHu
Shoals:1 Mlioglotl
Shoals:2 1 runed translucent door, Loidof's ghost, adept MiFi
Vaults:2 1 runed translucent door


Message History

The vault sentinel shoots a bolt.
The bolt completely misses you.
You shoot an arrow.
The arrow hits the ironbound thunderhulk.
The ironbound thunderhulk is moderately wounded.
The orc knight completely misses you.
The ironbound thunderhulk completely misses you.
You shoot an arrow.
The arrow hits the ironbound thunderhulk!!
The ironbound thunderhulk is heavily wounded.
The orc knight completely misses you.
The vault sentinel blows a loud note on a signal horn!
You shoot an arrow.
The arrow hits the ironbound thunderhulk!
The ironbound thunderhulk is heavily wounded.
The vault warden activates a sealing rune.
The ironbound thunderhulk hits you with a +0 dire flail!!
The orc knight barely misses you.
39616 ||| READING scroll of teleportation.
As you read the scroll of teleportation, it crumbles to dust.
You feel strangely unstable.
The vault sentinel blows a loud note on a signal horn!
A yaktaur comes into view.
The vault warden closely misses you.
The orc knight hits you but does no damage.
You shoot an arrow.
The arrow hits the ironbound thunderhulk!
The ironbound thunderhulk is severely wounded.
The vault sentinel unwields a +0 arbalest.
The vault sentinel wields a +0 falchion.
The vault sentinel completely misses you.
You furiously retaliate!
You headbutt the vault sentinel.
The ironbound thunderhulk hits you with a +0 dire flail!!
You shoot an arrow.
The arrow hits the ironbound thunderhulk!!
You kill the ironbound thunderhulk!
Okawaru accepts your kill.
A yaktaur comes into view.
The vault warden misses you.
The orc knight hits you from afar with a +1 glaive!
You die...

+#############+
.....))@po...cc
.......)p......
.........[.....
...............
...............
...
..................
..........=..T....
####+##########+##
......#####


You could see a vault warden, an orc knight (strong), a deep troll, a vault
sentinel (strong) and 2 yaktaurs.

Vanquished Creatures
  Vashnia (Snake:4)
  Nikola (Shoals:3)
  Polyphemus (Shoals:3)
  2 krakens
  Kirke (Shoals:3)
  Donald (Shoals:3)
  Roxanne (Snake:4)
  A fire giant (Vaults:1)
  Ilsuiw (Shoals:3)
  6 nagarajas
  A frost giant (Vaults:1)
  5 vault wardens
  5 orc warlords
  Aizul (Snake:2)
  A ghoul (Vaults:2)
  3 formless jellyfish
  4 ironbound thunderhulks
  7 ironbound preservers
  2 stone giants
  4 war gargoyles
  A minotaur (Gauntlet)
  11 dire elephants (Vaults:2)
  3 crystal guardians
  A merfolk javelineer (Shoals:3)
  6 great orbs of eyes
  5 merfolk impalers
  5 yaktaur captains
  4 vault guards
  2 salamander tyrants
  An ice dragon (D:15)
  3 peacekeepers
  11 hydras
  A merfolk avatar (Shoals:2)
  4 ironbound frosthearts
  A death knight (Vaults:2)
  An alligator snapping turtle (Shoals:2)
  15 anacondas
  8 centaur warriors
  3 ogre magi
  A merfolk aquamancer (Shoals:1)
  6 two-headed ogres
  4 boulder beetles
  6 catoblepae
  13 death yaks
  13 naga warriors
  An orc high priest (Orc:2)
  18 naga sharpshooters
  5 shock serpents
  9 skysharks
  6 salamander mystics
  11 sea snakes
  5 spectral anacondas (Snake:3)
  5 anaconda zombies (Snake:3)
  16 deep trolls
  18 ironbound convokers
  13 naga ritualists
  A wizard (D:15)
  A flayed ghost (D:15)
  A deep elf pyromancer (D:14)
  2 lindwurms
  2 necromancers
  13 orc knights
  2 anaconda skeletons (Snake:3)
  12 harpies
  11 fauns
  22 ugly things
  20 salamanders
  5 orc sorcerers (Orc:2)
  18 mana vipers
  3 wolf spiders
  10 elephants
  9 cyclopes
  8 manticores
  10 merfolk sirens
  55 black mambas
  8 guardian serpents
  5 vault sentinels (Vaults:1)
  A torpor snail (Lair:5)
  A water nymph (Shoals:3)
  Joseph (D:9)
  An orange demon (D:9)
  26 naga magi
  4 gargoyles
  16 cane toads
  A freezing wraith (Vaults:2)
  10 rime drakes
  21 yaktaurs
  16 komodo dragons
  4 anaconda simulacra (Snake:3)
  7 trolls
  18 merfolk
  Grinder (D:4)
  A hornet (D:15)
  3 wind drakes
  10 polar bears
  Prince Ribbit (D:7)
  9 blink frogs
  A raiju (Lair:5)
  8 snapping turtles
  45 slime creatures
  10 dream sheep
  2 centaur simulacra (Gauntlet)
  A spriggan (D:9)
  A shadow (D:9)
  12 wyverns
  55 yaks
  5 water elementals (Shoals:1)
  A yak (shapeshifter) (D:13)
  5 wraiths
  3 humans (Shoals:3)
  3 hogs (Shoals:3)
  A hog (shapeshifter) (D:15)
  2 vampire mosquitoes (D:13)
  6 basilisks
  A steam dragon (D:8)
  A chaos spawn (D:9)
  Menkaure (D:7)
  An acid dragon (D:13)
  15 wargs
  65 nagas
  16 hell hounds (Lair:5)
  17 water moccasins
  15 black bears
  25 orc warriors
  10 ogres
  46 wolves
  3 boggarts (Vaults:1)
  10 centaurs
  A phantom (D:7)
  A kobold brigand (D:7)
  14 bullfrogs
  2 scorpions
  3 wights (D:7)
  A hornet simulacrum (Gauntlet)
  12 jellies
  8 killer bees (D:9)
  4 electric eels (D:9)
  2 quasits (D:9)
  29 orc priests
  Ijyb (D:5)
  4 hounds
  A sleepcap (D:5)
  2 gnoll boudas
  2 iguanas
  16 orc wizards
  9 hell rats
  2 mummies
  10 gnolls
  7 adders
  A shadow imp (D:7)
  2 white imps (D:8)
  3 ufetubi
  4 worms
  74 orcs
  4 endoplasms
  2 giant cockroaches
  15 goblins
  4 hobgoblins
  6 jackals
  4 quokkas
  5 ball pythons
  6 bats
  A frilled lizard (D:1)
  9 gnoll skeletons (Ossuary)
  14 kobolds
  9 kobold skeletons (Ossuary)
  7 orc skeletons (Ossuary)
  7 rats
  8 tentacles
1358 creatures vanquished.

Vanquished Creatures (others)
  A wizard (Vaults:2)
  27 tentacles
28 creatures vanquished.

Grand Total: 1386 creatures vanquished

Notes
Turn   | Place    | Note
-------+----------+-------------------------------------------
     0 | D:1      | qw the Minotaur Hunter began the quest for the Orb.
     0 | D:1      | Reached XP level 1. HP: 18/18 MP: 0/0
     0 | D:1      | 0 ||| qw: Version: 0.2-a-122-gbc61b45
     0 | D:1      | 0 ||| qw: Game counter: 3555
     0 | D:1      | 0 ||| qw: Always use a shield: true
     0 | D:1      | 0 ||| qw: God list: Okawaru
     0 | D:1      | 0 ||| qw: Allow faded altars: false
     0 | D:1      | 0 ||| qw: Do Orc after D:15 true
     0 | D:1      | 0 ||| qw: Do second Lair branch before Depths: true
     0 | D:1      | 0 ||| qw: Lair rune preference: random
     0 | D:1      | 0 ||| qw: Plans: Normal
     0 | D:1      | 0 ||| PLANNING D:1-11
   333 | D:1      | Reached XP level 2. HP: 25/25 MP: 1/1
   678 | D:1      | 678 ||| UPGRADING to +0 ring mail.
   688 | D:1      | 688 ||| DROPPING +0 leather armour.
   689 | D:1      | 689 ||| UPGRADING to +0 cloak.
   694 | D:1      | 694 ||| UPGRADING to +5 ring of evasion.
   695 | D:1      | 695 ||| READING scroll labelled PEMIEM ZIBEIGH.
   696 | D:1      | 696 ||| READING scroll labelled BYHYM QEVAC.
   697 | D:1      | 697 ||| DRINKING 3 metallic purple potions.
   698 | D:1      | 698 ||| DROPPING scroll of butterflies.
   823 | D:2      | Reached skill level 1 in Armour
   867 | D:2      | Reached XP level 3. HP: 30/30 MP: 2/2
   910 | D:2      | Reached skill level 3 in Fighting
   928 | D:2      | 928 ||| FLEEEEING.
   929 | D:2      | 929 ||| FLEEEEING.
   937 | D:2      | 937 ||| FLEEEEING.
   938 | D:2      | 938 ||| FLEEEEING.
   939 | D:2      | 939 ||| FLEEEEING.
   940 | D:2      | 940 ||| FLEEEEING.
   941 | D:2      | 941 ||| FLEEEEING.
   942 | D:2      | 942 ||| FLEEEEING.
   943 | D:2      | 943 ||| FLEEEEING.
   944 | D:2      | 944 ||| FLEEEEING.
   945 | D:2      | 945 ||| FLEEEEING.
   946 | D:2      | 946 ||| FLEEEEING.
  1504 | D:2      | 1504 ||| UPGRADING to +0 pair of boots.
  1509 | D:2      | 1509 ||| READING scroll labelled KANWEH XAROFUA.
  1673 | D:3      | Reached XP level 4. HP: 38/38 MP: 3/3
  2106 | D:3      | Reached skill level 6 in Ranged Weapons
  2194 | D:3      | 2194 ||| SWAPPING to +1 orcbow of electrocution.
  2195 | D:3      | 2195 ||| DROPPING +0 shortbow.
  2378 | D:3      | 2378 ||| READING 2 scrolls labelled QAIKUD GULITYTIE.
  2383 | D:3      | 2383 ||| READING scroll labelled QOCEUX BEMO.
  2384 | D:3      | 2384 ||| READING scroll labelled HAN SINAMOFO.
  2453 | D:3      | 2453 ||| READING scroll labelled WIMIC PIKIMAC.
  2454 | D:3      | 2454 ||| DRINKING 2 golden potions.
  2455 | D:3      | 2455 ||| DROPPING potion of degeneration.
  2544 | D:4      | Reached XP level 5. HP: 46/46 MP: 4/4
  2550 | D:4      | Reached skill level 4 in Fighting
  2716 | D:4      | Found a runed translucent gate.
  2798 | D:4      | Found a stormy altar of Qazlal.
  2903 | D:4      | 2903 ||| Stepping ~*~*~tactically~*~*~ (outnumbered).
  2915 | D:4      | Noticed Grinder
  2924 | D:4      | Killed Grinder
  2925 | D:4      | Reached XP level 6. HP: 49/52 MP: 5/5
  3062 | D:4      | Found a runed translucent gate.
  3062 | D:4      | Found a runed translucent gate.
  3127 | D:4      | Found Rolupina's Magic Scroll Boutique.
  3137 | D:4      | 3137 ||| BUYING 3 scrolls of teleportation (117 gold).
  3137 | D:4      | Bought 3 scrolls of teleportation for 117 gold pieces
  3137 | D:4      | 3137 ||| BUYING scroll of enchant armour (97 gold).
  3137 | D:4      | Bought a scroll of enchant armour for 97 gold pieces
  3137 | D:4      | 3137 ||| SHOPLISTING scroll of identify (26 gold, have 5).
  3137 | D:4      | 3137 ||| SHOPLISTING scroll of teleportation (39 gold, have
                  | 5).
  3137 | D:4      | 3137 ||| READING 2 scrolls of enchant armour.
  3137 | D:4      | 3137 ||| ENCHANTING +0 pair of boots.
  3138 | D:4      | 3138 ||| READING scroll of enchant armour.
  3138 | D:4      | 3138 ||| ENCHANTING +1 pair of boots.
  3217 | D:4      | Noticed qw's ghost (amateur MiHu)
  3217 | D:4      | Noticed an ice beast
  3217 | D:4      | Noticed an ice beast
  3419 | D:4      | 3419 ||| READING scroll labelled WESCHA JIDIE.
  3420 | D:4      | 3420 ||| READING scroll labelled PIGUJOFOAV.
  3443 | D:5      | Entered Level 5 of the Dungeon
  3447 | D:5      | You fall into a shaft and drop 3 floors!
  3463 | D:7      | Noticed Prince Ribbit
  3463 | D:7      | Noticed Menkaure
  3468 | D:7      | Killed Menkaure
  3469 | D:7      | Reached skill level 5 in Fighting
  3469 | D:7      | Reached XP level 7. HP: 61/61 MP: 6/6
  3478 | D:7      | Killed Prince Ribbit
  3581 | D:7      | Noticed a wyvern
  3586 | D:7      | Killed a wyvern
  3587 | D:7      | Reached skill level 9 in Ranged Weapons
  3587 | D:7      | Reached XP level 8. HP: 69/69 MP: 7/7
  3588 | D:7      | Reached skill level 6 in Fighting
  3696 | D:7      | 3696 ||| READING scroll of enchant weapon.
  3696 | D:7      | 3696 ||| ENCHANTING +2 orcbow of electrocution.
  3709 | D:7      | 3709 ||| SWAPPING to +0 longbow.
  3710 | D:7      | 3710 ||| DROPPING +3 orcbow of electrocution.
  3731 | D:7      | Found a broken altar of Ashenzari.
  3792 | D:6      | 3792 ||| PLANNING OSSUARY
  3896 | D:6      | Found a sand-covered staircase.
  3929 | D:6      | 3929 ||| READING scroll labelled BALO IHA EHIKK.
  3935 | Ossuary  | Entered an ossuary
  3953 | Ossuary  | Reached skill level 3 in Armour
  4099 | Ossuary  | Reached skill level 7 in Fighting
  4108 | Ossuary  | 4108 ||| READING scroll labelled FIT ACVO FYOWA.
  4109 | Ossuary  | 4109 ||| DRINKING 2 yellow potions.
  4110 | Ossuary  | 4110 ||| READING 4 scrolls of identify.
  4110 | Ossuary  | 4110 ||| IDENTIFYING ruby potion
  4111 | Ossuary  | 4111 ||| READING 3 scrolls of identify.
  4111 | Ossuary  | 4111 ||| IDENTIFYING fizzy purple potion
  4112 | Ossuary  | 4112 ||| READING 2 scrolls of identify.
  4112 | Ossuary  | 4112 ||| IDENTIFYING pink potion
  4113 | Ossuary  | 4113 ||| DROPPING potion of invisibility.
  4114 | Ossuary  | 4114 ||| DROPPING potion of berserk rage.
  4115 | Ossuary  | 4115 ||| DROPPING potion of attraction.
  4116 | Ossuary  | 4116 ||| Stepping randomly (stuck).
  4117 | Ossuary  | 4117 ||| Stepping ~*~*~tactically~*~*~ (cloud).
  4210 | D:6      | 4210 ||| PLANNING TEMPLE
  4255 | D:6      | Found a staircase to the Ecumenical Temple.
  4268 | Temple   | Entered the Ecumenical Temple
  4338 | Temple   | 4338 ||| PLANNING D:1-11
  4617 | D:5      | Noticed Ijyb
  4630 | D:5      | HP: 17/73 [Ijyb/+0 dagger (2)]
  4631 | D:5      | 4631 ||| READING 4 scrolls of teleportation.
  4632 | D:5      | 4632 ||| DRINKING 2 potions of heal wounds.
  4633 | D:5      | Killed Ijyb
  5052 | D:5      | 5052 ||| UPGRADING to +1 hat of stealth.
  5057 | D:5      | 5057 ||| UPGRADING to ring of resist corrosion.
  5058 | D:5      | 5058 ||| READING scroll labelled RIKHLI JABLIB.
  5059 | D:5      | 5059 ||| READING 3 scrolls of identify.
  5059 | D:5      | 5059 ||| IDENTIFYING bubbling emerald potion
  5060 | D:5      | 5060 ||| READING 2 scrolls of identify.
  5060 | D:5      | 5060 ||| IDENTIFYING coppery potion
  5061 | D:5      | 5061 ||| DROPPING potion of magic.
  5260 | D:6      | Reached XP level 9. HP: 76/79 MP: 8/8
  5425 | D:6      | Found a white marble altar of Elyvilon.
  5632 | D:6      | Found Qualu's Assorted Antiques.
  5641 | D:6      | 5641 ||| BUYING heavily runed leather armour (161 gold).
  5641 | D:6      | Bought a heavily runed leather armour for 161 gold pieces
  5641 | D:6      | Identified the +3 leather armour of Joy {rElec rC+} (You
                  | bought it in a shop on level 6 of the Dungeon)
  5641 | D:6      | 5641 ||| SHOPLISTING potion of curing (69 gold, have 41).
  5681 | D:6      | 5681 ||| READING scroll of enchant armour.
  5681 | D:6      | 5681 ||| ENCHANTING +1 hat of stealth.
  5792 | D:6      | 5792 ||| UPGRADING to +0 leather armour of fire resistance.
  5802 | D:6      | 5802 ||| DROPPING +0 ring mail.
  5803 | D:6      | 5803 ||| UPGRADING to +3 leather armour of Joy {rElec rC+}.
  5813 | D:6      | 5813 ||| DRINKING 2 smoky blue potions.
  5854 | D:6      | 5854 ||| READING 5 scrolls of identify.
  5854 | D:6      | 5854 ||| IDENTIFYING purple potion
  5855 | D:6      | 5855 ||| DROPPING potion of lignification.
  5998 | D:7      | 5998 ||| Stepping ~*~*~tactically~*~*~ (outnumbered).
  6000 | D:7      | 6000 ||| Stepping ~*~*~tactically~*~*~ (outnumbered).
  6123 | D:7      | Found an opulent altar of Gozag.
  6305 | D:8      | Found an iron altar of Okawaru.
  6306 | D:8      | 6306 ||| PLANNING OKAWARU WORSHIP
  6315 | D:8      | Reached skill level 12 in Ranged Weapons
  6318 | D:8      | Became a worshipper of Warmaster Okawaru
  6318 | D:8      | 6318 ||| PLANNING D:1-11
  6388 | D:8      | Found a sacrificial altar of Ru.
  6464 | D:8      | 6464 ||| Stepping ~*~*~tactically~*~*~ (outnumbered).
  6467 | D:8      | 6467 ||| Stepping ~*~*~tactically~*~*~ (outnumbered).
  6475 | D:8      | Reached skill level 8 in Fighting
  6642 | D:8      | 6642 ||| Stepping ~*~*~tactically~*~*~ (cloud).
  6649 | D:8      | Found a shadowy altar of Dithmenos.
  6708 | D:8      | Reached * piety under Okawaru
  6709 | D:8      | Reached skill level 6 in Dodging
  6834 | D:8      | Found a glowing golden altar of the Shining One.
  6930 | D:8      | 6930 ||| INVOKING Heroism.
  6938 | D:8      | Reached skill level 1 in Invocations
  7051 | D:8      | 7051 ||| DROPPING amulet of magic regeneration.
  7191 | D:9      | Found a shimmering blue altar of Sif Muna.
  7193 | D:9      | Found a bloodstained altar of Trog.
  7240 | D:9      | Found a burning altar of Makhleb.
  7344 | D:9      | Found a staircase to the Orcish Mines.
  7448 | D:9      | 7448 ||| INVOKING Heroism.
  7484 | D:9      | 7484 ||| INVOKING Heroism.
  7540 | D:9      | Noticed Joseph
  7551 | D:9      | 7551 ||| INVOKING Heroism.
  7556 | D:9      | Killed Joseph
  7557 | D:9      | Reached XP level 10. HP: 34/88 MP: 8/11
  7727 | D:9      | Noticed an orange demon
  7728 | D:9      | 7728 ||| INVOKING Heroism.
  7745 | D:9      | 7745 ||| UPGRADING to +6 ring of dexterity.
  7747 | D:9      | 7747 ||| UPGRADING to +5 ring of evasion.
  7749 | D:9      | 7749 ||| DROPPING ring of resist corrosion.
  7757 | D:9      | Killed an orange demon
  7805 | D:9      | 7805 ||| INVOKING Heroism.
  7824 | D:9      | 7824 ||| INVOKING Heroism.
  7837 | D:9      | Reached skill level 3 in Invocations
  7847 | D:9      | 7847 ||| FLEEEEING.
  7848 | D:9      | 7848 ||| FLEEEEING.
  7849 | D:9      | 7849 ||| FLEEEEING.
  7850 | D:9      | 7850 ||| FLEEEEING.
  7851 | D:9      | 7851 ||| FLEEEEING.
  7852 | D:9      | 7852 ||| INVOKING Heroism.
  8129 | D:9      | 8129 ||| INVOKING Heroism.
  8445 | D:9      | 8445 ||| DROPPING +1 hat.
  8473 | D:10     | Entered Level 10 of the Dungeon
  8523 | D:10     | Noticed a gargoyle
  8528 | D:10     | Killed a gargoyle
  8579 | D:10     | Found a glowing silver altar of Zin.
  8593 | D:10     | Reached skill level 9 in Fighting
  8659 | D:10     | Found a flagged portal.
  8660 | D:10     | 8660 ||| Stepping ~*~*~tactically~*~*~ (outnumbered).
  8662 | D:10     | 8662 ||| Stepping ~*~*~tactically~*~*~ (outnumbered).
  8664 | D:10     | 8664 ||| Stepping ~*~*~tactically~*~*~ (outnumbered).
  8942 | D:10     | Reached ** piety under Okawaru
  9158 | D:11     | Noticed a boulder beetle
  9159 | D:11     | 9159 ||| INVOKING Heroism.
  9167 | D:11     | Killed a boulder beetle
  9289 | D:11     | Noticed a white ugly thing
  9297 | D:11     | 9297 ||| INVOKING Heroism.
  9304 | D:11     | Killed a white ugly thing
  9409 | D:11     | Found a staircase to the Lair.
  9428 | D:11     | Reached XP level 11. HP: 99/99 MP: 13/13
  9596 | D:11     | Found a shimmering blue altar of Sif Muna.
  9699 | D:11     | 9699 ||| INVOKING Heroism.
  9706 | D:11     | Reached skill level 10 in Fighting
  9707 | D:11     | Reached *** piety under Okawaru
  9776 | D:11     | Reached skill level 9 in Dodging
  9781 | D:11     | 9781 ||| INVOKING Heroism.
 10082 | D:11     | Noticed a two-headed ogre
 10083 | D:11     | 10083 ||| INVOKING Heroism.
 10087 | D:11     | Killed a two-headed ogre
 10117 | D:11     | 10117 ||| INVOKING Heroism.
 10191 | D:11     | 10191 ||| INVOKING Heroism.
 10225 | D:11     | 10225 ||| PLANNING LAIR
 10225 | D:11     | 10225 ||| READING scroll labelled LUOBI HOAK MEF.
 10239 | Lair:1   | Entered Level 1 of the Lair of Beasts
 10250 | Lair:1   | 10250 ||| STAIRDANCE
 10257 | D:11     | Reached skill level 15 in Ranged Weapons
 10327 | Lair:1   | 10327 ||| STAIRDANCE
 10432 | Lair:1   | Reached **** piety under Okawaru
 10505 | Lair:1   | 10505 ||| INVOKING Heroism.
 10549 | Lair:1   | 10549 ||| INVOKING Heroism.
 10709 | Lair:1   | 10709 ||| FLEEEEING.
 10710 | Lair:1   | 10710 ||| FLEEEEING.
 10711 | Lair:1   | 10711 ||| FLEEEEING.
 10712 | Lair:1   | 10712 ||| FLEEEEING.
 10722 | Lair:1   | 10722 ||| STAIRDANCE
 10826 | Lair:1   | 10826 ||| INVOKING Heroism.
 10852 | Lair:1   | 10852 ||| STAIRDANCE
 11579 | Lair:2   | 11579 ||| INVOKING Heroism.
 11599 | Lair:2   | 11599 ||| INVOKING Heroism.
 11607 | Lair:2   | Reached XP level 12. HP: 108/108 MP: 12/15
 11720 | Lair:2   | 11720 ||| INVOKING Heroism.
 11724 | Lair:2   | Reached skill level 6 in Invocations
 11971 | Lair:2   | 11971 ||| INVOKING Heroism.
 12281 | Lair:2   | Found a staircase to the Snake Pit.
 12304 | Lair:2   | Reached ***** piety under Okawaru
 12305 | Lair:2   | Reached skill level 11 in Fighting
 12785 | Lair:2   | 12785 ||| INVOKING Heroism.
 12862 | Lair:2   | 12862 ||| INVOKING Heroism.
 12865 | Lair:2   | Noticed an eight-headed hydra
 12873 | Lair:2   | 12873 ||| INVOKING Finesse.
 12885 | Lair:2   | Killed an eight-headed hydra
 12885 | Lair:2   | Received a gift from Okawaru
 12886 | Lair:2   | Reached skill level 9 in Invocations
 12904 | Lair:2   | 12904 ||| INVOKING Heroism.
 13039 | Lair:2   | Noticed a four-headed hydra
 13040 | Lair:2   | 13040 ||| INVOKING Heroism.
 13041 | Lair:2   | 13041 ||| INVOKING Finesse.
 13052 | Lair:2   | Killed a four-headed hydra
 13075 | Lair:2   | Noticed a six-headed hydra
 13079 | Lair:2   | Killed a six-headed hydra
 13100 | Lair:2   | Noticed a seven-headed hydra
 13101 | Lair:2   | 13101 ||| INVOKING Heroism.
 13102 | Lair:2   | 13102 ||| INVOKING Finesse.
 13107 | Lair:2   | Killed a seven-headed hydra
 13108 | Lair:2   | Reached XP level 13. HP: 114/116 MP: 11/19
 13178 | Lair:2   | 13178 ||| INVOKING Heroism.
 13387 | Lair:2   | Identified the +6 arbalest of the Dragonfly {penet, Str+4}
                  | (Okawaru gifted it to you on level 2 of the Lair of Beasts)
 13387 | Lair:2   | Received a gift from Okawaru
 13396 | Lair:2   | 13396 ||| DROPPING +6 arbalest of the Dragonfly {penet,
                  | Str+4}.
 13590 | Lair:2   | 13590 ||| DROPPING amulet of guardian spirit.
 13591 | Lair:2   | 13591 ||| UPGRADING to amulet of regeneration.
 13596 | Lair:2   | 13596 ||| DROPPING amulet of the acrobat.
 13597 | Lair:2   | 13597 ||| READING 9 scrolls of identify.
 13597 | Lair:2   | 13597 ||| IDENTIFYING fuming silvery potion
 13598 | Lair:2   | 13598 ||| DROPPING potion of brilliance.
 13627 | Lair:3   | Found a gate leading to a gauntlet.
 13628 | Lair:3   | 13628 ||| PLANNING GAUNTLET
 13628 | Lair:3   | 13628 ||| INVOKING Heroism.
 13629 | Lair:3   | 13629 ||| INVOKING Finesse.
 13675 | Lair:3   | 13675 ||| INVOKING Heroism.
 13676 | Lair:3   | 13676 ||| Stepping ~*~*~tactically~*~*~ (cloud).
 13687 | Lair:3   | Reached skill level 18 in Ranged Weapons
 13751 | Lair:3   | 13751 ||| FLEEEEING.
 13752 | Lair:3   | 13752 ||| STAIRDANCE
 13799 | Gauntlet | Entered a Gauntlet
 13799 | Gauntlet | Found a transporter.
 13808 | Gauntlet | Found a transporter.
 13811 | Gauntlet | Found a transporter.
 13812 | Gauntlet | Found a transporter.
 13820 | Gauntlet | Found a transporter.
 13823 | Gauntlet | Found a transporter.
 13824 | Gauntlet | Found a transporter.
 13833 | Gauntlet | Found a transporter.
 13836 | Gauntlet | Found a transporter.
 13837 | Gauntlet | Found a transporter.
 13845 | Gauntlet | Found a transporter.
 13848 | Gauntlet | Found a transporter.
 13849 | Gauntlet | Found a transporter.
 13855 | Gauntlet | Noticed a reaper
 13860 | Gauntlet | Found a transporter.
 13946 | Gauntlet | Reached skill level 12 in Fighting
 13970 | Gauntlet | Identified the +0 scale mail of Weightlessness {-Cast rElec
                  | rPois rN+++}
 13970 | Gauntlet | Noticed a minotaur
 13971 | Gauntlet | 13971 ||| INVOKING Heroism.
 13972 | Gauntlet | 13972 ||| INVOKING Finesse.
 13986 | Gauntlet | Killed a minotaur
 14066 | Gauntlet | Identified the +3 kite shield "Riwiur" {-Tele rPois rCorr}
 14091 | Gauntlet | 14091 ||| UPGRADING to amulet of reflection.
 14101 | Gauntlet | 14101 ||| DROPPING amulet of regeneration.
 14116 | Lair:3   | 14116 ||| PLANNING LAIR
 14130 | Lair:3   | 14130 ||| READING scroll of enchant weapon.
 14130 | Lair:3   | 14130 ||| ENCHANTING +0 longbow.
 14171 | Lair:3   | Found a runed translucent door.
 14172 | Lair:3   | Noticed qw's ghost (journeyman MiHu)
 14174 | Lair:3   | Identified the +8 trident of Bodily Harmony {heavy, Contam
                  | Will+ Int+2}
 14210 | Lair:3   | 14210 ||| READING scroll of enchant armour.
 14210 | Lair:3   | 14210 ||| ENCHANTING +0 cloak.
 14301 | Lair:3   | 14301 ||| INVOKING Heroism.
 14356 | Lair:3   | Found a staircase to the Shoals.
 14364 | Lair:3   | 14364 ||| Stepping ~*~*~tactically~*~*~ (outnumbered).
 14742 | Lair:3   | 14742 ||| INVOKING Heroism.
 15033 | Lair:4   | 15033 ||| INVOKING Heroism.
 15034 | Lair:4   | 15034 ||| INVOKING Finesse.
 15101 | Lair:4   | 15101 ||| INVOKING Heroism.
 15135 | Lair:4   | 15135 ||| INVOKING Finesse.
 15309 | Lair:4   | 15309 ||| INVOKING Heroism.
 15381 | Lair:4   | Identified the +6 scale mail of the Jackalope {rElec rF+
                  | Int-5 Slay+6}
 15413 | Lair:4   | 15413 ||| INVOKING Heroism.
 15421 | Lair:4   | 15421 ||| INVOKING Finesse.
 15426 | Lair:4   | Received a gift from Okawaru
 15427 | Lair:4   | Reached XP level 14. HP: 127/127 MP: 13/20
 15453 | Lair:4   | Reached skill level 13 in Fighting
 15457 | Lair:4   | Received a gift from Okawaru
 15586 | Lair:4   | 15586 ||| INVOKING Heroism.
 16114 | Lair:5   | Entered Level 5 of the Lair of Beasts
 16187 | Lair:5   | Reached skill level 12 in Dodging
 16254 | Lair:5   | Found a staircase to the Slime Pits.
 16348 | Lair:5   | Found a viscous altar of Jiyva.
 16423 | Lair:5   | 16423 ||| INVOKING Heroism.
 16426 | Lair:5   | 16426 ||| Stepping ~*~*~tactically~*~*~ (outnumbered).
 16466 | Lair:5   | 16466 ||| INVOKING Finesse.
 16467 | Lair:5   | 16467 ||| Stepping ~*~*~tactically~*~*~ (outnumbered).
 16501 | Lair:5   | 16501 ||| INVOKING Heroism.
 16544 | Lair:5   | 16544 ||| INVOKING Heroism.
 16563 | Lair:5   | Received a gift from Okawaru
 16576 | Lair:5   | 16576 ||| DROPPING +2 orcbow of freezing.
 16645 | Lair:5   | 16645 ||| Stepping ~*~*~tactically~*~*~ (outnumbered).
 16922 | Lair:5   | 16922 ||| INVOKING Heroism.
 16937 | Lair:5   | 16937 ||| INVOKING Finesse.
 16944 | Lair:5   | 16944 ||| Stepping ~*~*~tactically~*~*~ (cloud).
 17024 | Lair:5   | 17024 ||| INVOKING Heroism.
 17026 | Lair:5   | 17026 ||| Stepping ~*~*~tactically~*~*~ (cloud).
 17030 | Lair:5   | 17030 ||| Stepping ~*~*~tactically~*~*~ (cloud).
 17035 | Lair:5   | 17035 ||| Stepping ~*~*~tactically~*~*~ (cloud).
 17068 | Lair:5   | Reached skill level 14 in Fighting
 17075 | Lair:5   | 17075 ||| INVOKING Heroism.
 17093 | Lair:5   | 17093 ||| Stepping ~*~*~tactically~*~*~ (outnumbered).
 17163 | Lair:5   | 17163 ||| INVOKING Heroism.
 17210 | Lair:5   | 17210 ||| INVOKING Heroism.
 17454 | Lair:5   | 17454 ||| PLANNING D
 17454 | Lair:5   | 17454 ||| READING scroll labelled QETSIHIDUFF.
 17555 | Lair:5   | 17555 ||| READING 11 scrolls of identify.
 17555 | Lair:5   | 17555 ||| IDENTIFYING lumpy dark potion
 17939 | D:12     | Reached XP level 15. HP: 139/139 MP: 21/21
 18513 | D:13     | Reached skill level 15 in Fighting
 18622 | D:13     | Found a radiant altar of Vehumet.
 18646 | D:13     | 18646 ||| INVOKING Heroism.
 18648 | D:13     | 18648 ||| INVOKING Finesse.
 19127 | D:14     | 19127 ||| INVOKING Heroism.
 19134 | D:14     | 19134 ||| READING 10 scrolls of teleportation.
 19157 | D:14     | 19157 ||| INVOKING Heroism.
 19312 | D:14     | Found a huge runed translucent gate.
 19312 | D:14     | Found a huge runed translucent gate.
 19312 | D:14     | Found a huge runed translucent gate.
 19312 | D:14     | Found a huge runed translucent gate.
 19347 | D:14     | 19347 ||| INVOKING Heroism.
 19348 | D:14     | 19348 ||| READING 9 scrolls of teleportation.
 19473 | D:14     | Reached skill level 6 in Armour
 19516 | D:14     | Identified the +0 scale mail of Saohets {rElec rPois Dex+2
                  | Stlth+} (Okawaru gifted it to you on level 14 of the
                  | Dungeon)
 19516 | D:14     | Received a gift from Okawaru
 19678 | D:14     | Found a gate to the Vaults.
 19827 | D:14     | 19827 ||| READING scroll of enchant weapon.
 19827 | D:14     | 19827 ||| ENCHANTING +1 longbow.
 19833 | D:14     | Found Kahuzxus's Neck Hole.
 19847 | D:14     | 19847 ||| BUYING amulet of faith (560 gold).
 19847 | D:14     | Bought an amulet of faith for 560 gold pieces
 19847 | D:14     | 19847 ||| BUYING scarf of resistance (448 gold).
 19847 | D:14     | Bought a scarf of resistance for 448 gold pieces
 19909 | D:14     | 19909 ||| INVOKING Heroism.
 19912 | D:14     | 19912 ||| READING 8 scrolls of teleportation.
 19969 | D:14     | Reached skill level 16 in Fighting
 20131 | D:14     | Found a portal to a secret trove of treasure.
 20170 | D:14     | 20170 ||| UPGRADING to scarf of resistance.
 20180 | D:14     | 20180 ||| UPGRADING to amulet of faith.
 20190 | D:14     | 20190 ||| READING 10 scrolls of identify.
 20190 | D:14     | 20190 ||| IDENTIFYING clear potion
 20191 | D:14     | 20191 ||| READING 9 scrolls of identify.
 20191 | D:14     | 20191 ||| IDENTIFYING inky potion
 20192 | D:14     | 20192 ||| DROPPING potion of enlightenment.
 20210 | D:15     | Entered Level 15 of the Dungeon
 20244 | D:15     | 20244 ||| INVOKING Heroism.
 20245 | D:15     | Found a staircase to the Depths.
 20292 | D:15     | 20292 ||| INVOKING Heroism.
 20454 | D:15     | 20454 ||| INVOKING Heroism.
 20484 | D:15     | Reached skill level 15 in Dodging
 20697 | D:15     | 20697 ||| INVOKING Heroism.
 20698 | D:15     | 20698 ||| INVOKING Finesse.
 20895 | D:15     | 20895 ||| PLANNING ORC
 20895 | D:15     | 20895 ||| UPGRADING to +0 pair of gloves.
 20900 | D:15     | 20900 ||| READING 10 scrolls of identify.
 20900 | D:15     | 20900 ||| IDENTIFYING bubbling brown potion
 20901 | D:15     | 20901 ||| DROPPING potion of ambrosia.
 21025 | Orc:1    | Entered Level 1 of the Orcish Mines
 21049 | Orc:1    | 21049 ||| FLEEEEING.
 21050 | Orc:1    | 21050 ||| FLEEEEING.
 21051 | Orc:1    | 21051 ||| STAIRDANCE
 21146 | Orc:1    | Reached skill level 17 in Fighting
 21344 | Orc:2    | Entered Level 2 of the Orcish Mines
 21345 | Orc:2    | 21345 ||| STAIRDANCE
 21453 | Orc:2    | 21453 ||| INVOKING Heroism.
 21454 | Orc:2    | 21454 ||| INVOKING Finesse.
 21483 | Orc:2    | Identified the +0 scale mail "Jaoduqau" {Slay+5} (Okawaru
                  | gifted it to you on level 2 of the Orcish Mines)
 21483 | Orc:2    | Received a gift from Okawaru
 21496 | Orc:2    | 21496 ||| Stepping ~*~*~tactically~*~*~ (outnumbered).
 21522 | Orc:2    | 21522 ||| INVOKING Heroism.
 21525 | Orc:2    | 21525 ||| Stepping ~*~*~tactically~*~*~ (outnumbered).
 21606 | Orc:2    | 21606 ||| INVOKING Heroism.
 21643 | Orc:2    | Reached XP level 16. HP: 155/155 MP: 22/22
 21756 | Orc:2    | Found Huixyskuu's General Store.
 21757 | Orc:2    | Found Colafra's Antique Weapon Shop.
 21777 | Orc:2    | 21777 ||| BUYING potion of haste (140 gold).
 21777 | Orc:2    | Bought a potion of haste for 140 gold pieces
 21868 | Orc:2    | Found a staircase to the Elven Halls.
 21873 | Orc:2    | 21873 ||| FLEEEEING.
 21874 | Orc:2    | 21874 ||| FLEEEEING.
 21875 | Orc:2    | 21875 ||| FLEEEEING.
 21876 | Orc:2    | 21876 ||| FLEEEEING.
 21877 | Orc:2    | 21877 ||| FLEEEEING.
 21878 | Orc:2    | 21878 ||| FLEEEEING.
 21879 | Orc:2    | 21879 ||| FLEEEEING.
 21880 | Orc:2    | 21880 ||| FLEEEEING.
 21881 | Orc:2    | 21881 ||| FLEEEEING.
 21882 | Orc:2    | 21882 ||| FLEEEEING.
 21883 | Orc:2    | 21883 ||| FLEEEEING.
 21884 | Orc:2    | 21884 ||| FLEEEEING.
 22024 | Orc:2    | 22024 ||| INVOKING Heroism.
 22082 | Orc:2    | 22082 ||| Stepping ~*~*~tactically~*~*~ (outnumbered).
 22084 | Orc:2    | 22084 ||| Stepping ~*~*~tactically~*~*~ (outnumbered).
 22089 | Orc:2    | 22089 ||| Stepping ~*~*~tactically~*~*~ (outnumbered).
 22092 | Orc:2    | 22092 ||| INVOKING Heroism.
 22140 | Orc:2    | Found Fymuixt's Armour Boutique.
 22148 | Orc:2    | 22148 ||| BUYING +2 ring mail of poison resistance (234
                  | gold).
 22148 | Orc:2    | Bought a +2 ring mail of poison resistance for 234 gold
                  | pieces
 22148 | Orc:2    | 22148 ||| BUYING +2 robe of resistance (490 gold).
 22148 | Orc:2    | Bought a +2 robe of resistance for 490 gold pieces
 22174 | Orc:2    | 22174 ||| INVOKING Heroism.
 22401 | Orc:2    | Found Kiutezxi's Distillery.
 22406 | Orc:2    | 22406 ||| BUYING potion of curing (45 gold).
 22406 | Orc:2    | Bought a potion of curing for 45 gold pieces
 22406 | Orc:2    | 22406 ||| BUYING potion of haste (150 gold).
 22406 | Orc:2    | Bought a potion of haste for 150 gold pieces
 22406 | Orc:2    | 22406 ||| BUYING potion of heal wounds (75 gold).
 22406 | Orc:2    | Bought a potion of heal wounds for 75 gold pieces
 22406 | Orc:2    | 22406 ||| BUYING potion of magic (120 gold).
 22406 | Orc:2    | Bought a potion of magic for 120 gold pieces
 22406 | Orc:2    | 22406 ||| BUYING potion of magic (120 gold).
 22406 | Orc:2    | Bought a potion of magic for 120 gold pieces
 22406 | Orc:2    | 22406 ||| BUYING potion of might (60 gold).
 22406 | Orc:2    | Bought a potion of might for 60 gold pieces
 22538 | Orc:2    | 22538 ||| INVOKING Heroism.
 22588 | Orc:2    | 22588 ||| INVOKING Heroism.
 22675 | Orc:2    | 22675 ||| FLEEEEING.
 22676 | Orc:2    | 22676 ||| FLEEEEING.
 22735 | Orc:2    | 22735 ||| FLEEEEING.
 22736 | Orc:2    | 22736 ||| FLEEEEING.
 22795 | Orc:2    | Found Rady's Antique Weapon Boutique.
 22797 | Orc:2    | Found Kytulo's Antique Armour Shop.
 22807 | Orc:2    | 22807 ||| SHOPLISTING encrusted ring mail (297 gold, have
                  | 234).
 22807 | Orc:2    | 22807 ||| BUYING runed leather armour (165 gold).
 22807 | Orc:2    | Bought a runed leather armour for 165 gold pieces
 22807 | Orc:2    | 22807 ||| SHOPLISTING runed ring mail (231 gold, have 69).
 22807 | Orc:2    | 22807 ||| SHOPLISTING runed scarf (264 gold, have 69).
 22854 | Orc:2    | 22854 ||| PLANNING SNAKE:1-3
 22854 | Orc:2    | 22854 ||| DROPPING +0 leather armour of fire resistance.
 22855 | Orc:2    | 22855 ||| UPGRADING to +2 ring mail of poison resistance.
 22865 | Orc:2    | 22865 ||| DROPPING +1 leather armour of cold resistance.
 23030 | Snake:1  | Entered Level 1 of the Snake Pit
 23041 | Snake:1  | 23041 ||| INVOKING Heroism.
 23591 | Snake:1  | 23591 ||| INVOKING Heroism.
 23608 | Snake:1  | Reached skill level 9 in Armour
 23760 | Snake:1  | You fall into a shaft and drop 1 floor!
 23814 | Snake:2  | 23814 ||| Stepping ~*~*~tactically~*~*~ (outnumbered).
 23817 | Snake:2  | 23817 ||| Stepping ~*~*~tactically~*~*~ (outnumbered).
 23819 | Snake:2  | 23819 ||| Stepping ~*~*~tactically~*~*~ (outnumbered).
 23821 | Snake:2  | 23821 ||| Stepping ~*~*~tactically~*~*~ (outnumbered).
 23825 | Snake:2  | 23825 ||| Stepping ~*~*~tactically~*~*~ (outnumbered).
 23827 | Snake:2  | 23827 ||| Stepping ~*~*~tactically~*~*~ (outnumbered).
 23940 | Snake:2  | 23940 ||| INVOKING Heroism.
 23958 | Snake:2  | HP: 39/157 [salamander/+2 halberd of protection (13)]
 23959 | Snake:2  | 23959 ||| READING 7 scrolls of teleportation.
 23960 | Snake:2  | 23960 ||| DRINKING 5 potions of heal wounds.
 23960 | Snake:2  | HP: 16/157 [salamander/+0 halberd (7)]
 23961 | Snake:2  | 23961 ||| DRINKING 4 potions of heal wounds.
 23962 | Snake:2  | 23962 ||| DRINKING 3 potions of heal wounds.
 24260 | Snake:2  | 24260 ||| INVOKING Heroism.
 24261 | Snake:2  | 24261 ||| Stepping ~*~*~tactically~*~*~ (outnumbered).
 24270 | Snake:2  | Reached skill level 18 in Fighting
 24278 | Snake:2  | 24278 ||| Stepping ~*~*~tactically~*~*~ (outnumbered).
 24298 | Snake:2  | 24298 ||| INVOKING Heroism.
 24412 | Snake:2  | 24412 ||| READING scroll of enchant weapon.
 24412 | Snake:2  | 24412 ||| ENCHANTING +2 longbow.
 24614 | Snake:1  | 24614 ||| Stepping ~*~*~tactically~*~*~ (outnumbered).
 24615 | Snake:1  | Received a gift from Okawaru
 24635 | Snake:1  | 24635 ||| INVOKING Heroism.
 24819 | Snake:1  | 24819 ||| INVOKING Heroism.
 24835 | Snake:1  | 24835 ||| Stepping ~*~*~tactically~*~*~ (outnumbered).
 24837 | Snake:1  | 24837 ||| Stepping ~*~*~tactically~*~*~ (outnumbered).
 24841 | Snake:1  | 24841 ||| Stepping ~*~*~tactically~*~*~ (outnumbered).
 24843 | Snake:1  | 24843 ||| Stepping ~*~*~tactically~*~*~ (outnumbered).
 24848 | Snake:1  | 24848 ||| INVOKING Heroism.
 24849 | Snake:1  | 24849 ||| Stepping ~*~*~tactically~*~*~ (outnumbered).
 24850 | Snake:1  | 24850 ||| Stepping ~*~*~tactically~*~*~ (outnumbered).
 25078 | Snake:1  | 25078 ||| Stepping ~*~*~tactically~*~*~ (outnumbered).
 25080 | Snake:1  | 25080 ||| Stepping ~*~*~tactically~*~*~ (outnumbered).
 25089 | Snake:1  | 25089 ||| Stepping ~*~*~tactically~*~*~ (outnumbered).
 25108 | Snake:1  | 25108 ||| INVOKING Heroism.
 25348 | Snake:1  | Found an opulent altar of Gozag.
 25380 | Snake:1  | 25380 ||| INVOKING Heroism.
 25384 | Snake:1  | Reached skill level 19 in Fighting
 26069 | Snake:2  | 26069 ||| INVOKING Heroism.
 26125 | Snake:2  | 26125 ||| INVOKING Heroism.
 26127 | Snake:2  | 26127 ||| Stepping ~*~*~tactically~*~*~ (outnumbered).
 26143 | Snake:2  | 26143 ||| INVOKING Heroism.
 26344 | Snake:2  | 26344 ||| FLEEEEING.
 26345 | Snake:2  | Noticed Aizul
 26362 | Snake:2  | 26362 ||| INVOKING Heroism.
 26396 | Snake:2  | 26396 ||| INVOKING Heroism.
 26397 | Snake:2  | 26397 ||| INVOKING Finesse.
 26411 | Snake:2  | Killed Aizul
 26415 | Snake:2  | Reached XP level 17. HP: 165/168 MP: 16/23
 26557 | Snake:2  | 26557 ||| INVOKING Heroism.
 27076 | Snake:2  | 27076 ||| DROPPING +2 hat.
 27192 | Snake:3  | 27192 ||| INVOKING Heroism.
 27249 | Snake:3  | Received a gift from Okawaru
 27251 | Snake:3  | 27251 ||| Stepping ~*~*~tactically~*~*~ (outnumbered).
 27400 | Snake:3  | 27400 ||| INVOKING Heroism.
 27401 | Snake:3  | 27401 ||| Stepping ~*~*~tactically~*~*~ (outnumbered).
 27479 | Snake:3  | 27479 ||| INVOKING Heroism.
 27678 | Snake:3  | 27678 ||| Stepping ~*~*~tactically~*~*~ (outnumbered).
 27680 | Snake:3  | 27680 ||| Stepping ~*~*~tactically~*~*~ (outnumbered).
 27759 | Snake:3  | 27759 ||| Stepping ~*~*~tactically~*~*~ (outnumbered).
 27857 | Snake:3  | 27857 ||| Stepping ~*~*~tactically~*~*~ (outnumbered).
 27860 | Snake:3  | 27860 ||| Stepping ~*~*~tactically~*~*~ (outnumbered).
 27862 | Snake:3  | 27862 ||| Stepping ~*~*~tactically~*~*~ (outnumbered).
 27898 | Snake:3  | 27898 ||| READING scroll of enchant weapon.
 27898 | Snake:3  | 27898 ||| ENCHANTING +3 longbow.
 27925 | Snake:3  | Reached skill level 20 in Fighting
 27948 | Snake:3  | Identified the +1 pair of gloves "Mesech" {rF++ Str-3}
                  | (Okawaru gifted it to you on level 3 of the Snake Pit)
 27948 | Snake:3  | Received a gift from Okawaru
 28210 | Snake:3  | 28210 ||| Stepping ~*~*~tactically~*~*~ (outnumbered).
 28212 | Snake:3  | 28212 ||| Stepping ~*~*~tactically~*~*~ (outnumbered).
 28214 | Snake:3  | 28214 ||| Stepping ~*~*~tactically~*~*~ (outnumbered).
 28293 | Snake:3  | 28293 ||| Stepping ~*~*~tactically~*~*~ (outnumbered).
 28311 | Snake:3  | 28311 ||| INVOKING Heroism.
 28330 | Snake:3  | Reached skill level 18 in Dodging
 28972 | Snake:3  | 28972 ||| PLANNING SHOALS:1-3
 28972 | Snake:3  | 28972 ||| UPGRADING to +1 pair of gloves "Mesech" {rF++
                  | Str-3}.
 28982 | Snake:3  | 28982 ||| DROPPING +0 pair of gloves.
 28983 | Snake:3  | 28983 ||| DROPPING ring of wizardry.
 29115 | Shoals:1 | Entered Level 1 of the Shoals
 29116 | Shoals:1 | 29116 ||| INVOKING Heroism.
 29439 | Shoals:1 | 29439 ||| Stepping ~*~*~tactically~*~*~ (water).
 29443 | Shoals:1 | 29443 ||| Stepping ~*~*~tactically~*~*~ (water).
 29636 | Shoals:1 | 29636 ||| Stepping ~*~*~tactically~*~*~ (water).
 29636 | Shoals:1 | Noticed Mlioglotl
 29637 | Shoals:1 | 29637 ||| INVOKING Heroism.
 29638 | Shoals:1 | 29638 ||| INVOKING Finesse.
 29666 | Shoals:1 | 29666 ||| Stepping ~*~*~tactically~*~*~ (water).
 29669 | Shoals:1 | 29669 ||| Stepping ~*~*~tactically~*~*~ (water).
 29855 | Shoals:1 | 29855 ||| Stepping ~*~*~tactically~*~*~ (water).
 29864 | Shoals:1 | Reached skill level 21 in Fighting
 29902 | Shoals:1 | 29902 ||| READING scroll labelled CUZAX WIGOU.
 29917 | Shoals:2 | Found Navosuxea's Armour Shoppe.
 29930 | Shoals:2 | 29930 ||| BUYING +0 pair of boots of Lies {Slay+3} (385
                  | gold).
 29930 | Shoals:2 | Bought the +0 pair of boots of Lies {Slay+3} for 385 gold
                  | pieces
 29930 | Shoals:2 | 29930 ||| SHOPLISTING +5 ring mail of Responsibility {rPois
                  | rF+ rC+ rN+} (934 gold, have 55).
 30016 | Shoals:2 | 30016 ||| INVOKING Heroism.
 30017 | Shoals:2 | 30017 ||| INVOKING Finesse.
 30109 | Shoals:2 | Noticed a kraken
 30111 | Shoals:2 | Identified the +1 arbalest "Okhafy" {penet, rPois Str+3
                  | Int+5 Dex-2} (Okawaru gifted it to you on level 2 of the
                  | Shoals)
 30111 | Shoals:2 | Received a gift from Okawaru
 30121 | Shoals:2 | 30121 ||| FLEEEEING.
 30136 | Shoals:2 | 30136 ||| Stepping ~*~*~tactically~*~*~ (water).
 30193 | Shoals:2 | 30193 ||| DROPPING +1 arbalest "Okhafy" {penet, rPois Str+3
                  | Int+5 Dex-2}.
 30204 | Shoals:2 | 30204 ||| UPGRADING to +0 pair of boots of Lies {Slay+3}.
 30228 | Shoals:2 | 30228 ||| Stepping ~*~*~tactically~*~*~ (water).
 30237 | Shoals:2 | 30237 ||| UPGRADING to +2 pair of boots.
 30242 | Shoals:2 | 30242 ||| UPGRADING to +0 pair of boots of Lies {Slay+3}.
 30252 | Shoals:2 | 30252 ||| DROPPING +2 pair of boots.
 30261 | Shoals:2 | Killed a kraken
 30262 | Shoals:2 | Reached skill level 12 in Armour
 30365 | Shoals:2 | Found a runed translucent door.
 30395 | Shoals:2 | 30395 ||| INVOKING Heroism.
 30435 | Shoals:2 | 30435 ||| Stepping ~*~*~tactically~*~*~ (water).
 30496 | Shoals:2 | Noticed Loidof's ghost (adept MiFi)
 30555 | Shoals:2 | 30555 ||| INVOKING Heroism.
 30556 | Shoals:2 | 30556 ||| Stepping ~*~*~tactically~*~*~ (water).
 30848 | Shoals:2 | Reached XP level 18. HP: 182/182 MP: 24/24
 30848 | Shoals:2 | 30848 ||| DROPPING +1 shortbow of flaming.
 30909 | Shoals:3 | Noticed Donald
 30910 | Shoals:3 | 30910 ||| INVOKING Heroism.
 30911 | Shoals:3 | 30911 ||| INVOKING Finesse.
 30915 | Shoals:3 | Killed Donald
 30979 | Shoals:3 | 30979 ||| INVOKING Heroism.
 31012 | Shoals:3 | Noticed Polyphemus
 31025 | Shoals:3 | Killed Polyphemus
 31051 | Shoals:3 | 31051 ||| INVOKING Heroism.
 31160 | Shoals:3 | 31160 ||| INVOKING Heroism.
 31188 | Shoals:3 | Reached skill level 22 in Fighting
 31191 | Shoals:3 | 31191 ||| Stepping ~*~*~tactically~*~*~ (water).
 31330 | Shoals:3 | Noticed Ilsuiw
 31331 | Shoals:3 | 31331 ||| INVOKING Heroism.
 31332 | Shoals:3 | 31332 ||| INVOKING Finesse.
 31385 | Shoals:3 | Received a gift from Okawaru
 31389 | Shoals:3 | Killed Ilsuiw
 31409 | Shoals:3 | Found Latynih's Armour Boutique.
 31416 | Shoals:3 | Found Hetul's Assorted Antiques.
 31426 | Shoals:3 | Noticed Kirke
 31430 | Shoals:3 | Killed Kirke
 31440 | Shoals:3 | 31440 ||| SHOPLISTING ancient troll leather armour (800
                  | gold, have 192).
 31440 | Shoals:3 | 31440 ||| SHOPLISTING potion of magic (320 gold, have 192).
 31441 | Shoals:3 | Found Xarph's Book Emporium.
 31462 | Shoals:3 | Noticed Nikola
 31463 | Shoals:3 | 31463 ||| INVOKING Heroism.
 31464 | Shoals:3 | 31464 ||| INVOKING Finesse.
 31486 | Shoals:3 | Killed Nikola
 31818 | Shoals:3 | 31818 ||| Stepping ~*~*~tactically~*~*~ (water).
 31830 | Shoals:3 | 31830 ||| Stepping ~*~*~tactically~*~*~ (water).
 32072 | Shoals:3 | 32072 ||| DROPPING ring of positive energy.
 32130 | Shoals:3 | 32130 ||| Stepping ~*~*~tactically~*~*~ (water).
 32187 | Shoals:3 | 32187 ||| PLANNING SNAKE:4
 32359 | Snake:4  | Entered Level 4 of the Snake Pit
 32405 | Snake:4  | 32405 ||| Stepping ~*~*~tactically~*~*~ (outnumbered).
 32407 | Snake:4  | 32407 ||| Stepping ~*~*~tactically~*~*~ (outnumbered).
 32417 | Snake:4  | 32417 ||| Stepping ~*~*~tactically~*~*~ (outnumbered).
 32437 | Snake:4  | 32437 ||| Stepping ~*~*~tactically~*~*~ (outnumbered).
 32463 | Snake:4  | 32463 ||| FLEEEEING.
 32533 | Snake:4  | 32533 ||| INVOKING Heroism.
 32536 | Snake:4  | 32536 ||| Stepping ~*~*~tactically~*~*~ (outnumbered).
 32622 | Snake:4  | 32622 ||| FLEEEEING.
 32623 | Snake:4  | 32623 ||| FLEEEEING.
 32725 | Snake:4  | 32725 ||| INVOKING Heroism.
 32754 | Snake:4  | Reached skill level 23 in Fighting
 32771 | Snake:4  | 32771 ||| INVOKING Heroism.
 32857 | Snake:4  | Got a serpentine rune of Zot
 32874 | Snake:4  | 32874 ||| Stepping ~*~*~tactically~*~*~ (outnumbered).
 32931 | Snake:4  | 32931 ||| Stepping ~*~*~tactically~*~*~ (outnumbered).
 32976 | Snake:4  | Noticed Vashnia
 32980 | Snake:4  | 32980 ||| FLEEEEING.
 32981 | Snake:4  | 32981 ||| FLEEEEING.
 32982 | Snake:4  | 32982 ||| FLEEEEING.
 32983 | Snake:4  | 32983 ||| FLEEEEING.
 32984 | Snake:4  | 32984 ||| FLEEEEING.
 33008 | Snake:4  | 33008 ||| FLEEEEING.
 33019 | Snake:4  | 33019 ||| INVOKING Heroism.
 33025 | Snake:4  | Killed Vashnia
 33447 | Snake:4  | 33447 ||| INVOKING Heroism.
 33563 | Snake:4  | Noticed Roxanne
 33564 | Snake:4  | 33564 ||| INVOKING Heroism.
 33565 | Snake:4  | 33565 ||| INVOKING Finesse.
 33581 | Snake:4  | Killed Roxanne
 33672 | Snake:4  | 33672 ||| Stepping ~*~*~tactically~*~*~ (outnumbered).
 33673 | Snake:4  | 33673 ||| Stepping ~*~*~tactically~*~*~ (outnumbered).
 33675 | Snake:4  | 33675 ||| Stepping ~*~*~tactically~*~*~ (outnumbered).
 33679 | Snake:4  | 33679 ||| Stepping ~*~*~tactically~*~*~ (outnumbered).
 33806 | Snake:4  | Found Utelolat's Jewellery Boutique.
 33806 | Snake:4  | Found Qaewkis's Book Shoppe.
 33814 | Snake:4  | 33814 ||| Stepping ~*~*~tactically~*~*~ (outnumbered).
 33885 | Snake:4  | Found Ynuliun's Jewellery Boutique.
 33891 | Snake:4  | 33891 ||| SHOPLISTING ring "Tobaffallu" {rElec rF+ Str+6
                  | Dex+6 Stlth-} (1159 gold, have 261).
 33891 | Snake:4  | 33891 ||| SHOPLISTING ring of Vanity {rF+ rN+ Will+ Str+4
                  | Stlth+} (901 gold, have 261).
 33891 | Snake:4  | 33891 ||| SHOPLISTING ring of protection from fire (425
                  | gold, have 261).
 33895 | Snake:4  | 33895 ||| SHOPLISTING +6 ring of dexterity (504 gold, have
                  | 261).
 33895 | Snake:4  | 33895 ||| SHOPLISTING ring of protection from fire (350
                  | gold, have 261).
 33993 | Snake:4  | 33993 ||| PLANNING VAULTS:1-4
 34248 | Vaults:1 | Entered Level 1 of the Vaults
 34254 | Vaults:1 | 34254 ||| INVOKING Heroism.
 34255 | Vaults:1 | 34255 ||| INVOKING Finesse.
 34261 | Vaults:1 | Reached XP level 19. HP: 195/195 MP: 17/25
 34306 | Vaults:1 | 34306 ||| Stepping ~*~*~tactically~*~*~ (outnumbered).
 34310 | Vaults:1 | 34310 ||| Stepping ~*~*~tactically~*~*~ (outnumbered).
 34390 | Vaults:1 | 34390 ||| INVOKING Heroism.
 34391 | Vaults:1 | 34391 ||| INVOKING Finesse.
 34405 | Vaults:1 | Received a gift from Okawaru
 34406 | Vaults:1 | 34406 ||| Stepping ~*~*~tactically~*~*~ (outnumbered).
 34428 | Vaults:1 | Received a gift from Okawaru
 34460 | Vaults:1 | 34460 ||| INVOKING Heroism.
 34667 | Vaults:1 | Found Ymur's Book Emporium.
 34690 | Vaults:1 | 34690 ||| INVOKING Heroism.
 34691 | Vaults:1 | 34691 ||| INVOKING Finesse.
 34692 | Vaults:1 | 34692 ||| INVOKING Finesse.
 34819 | Vaults:1 | 34819 ||| INVOKING Heroism.
 35002 | Vaults:1 | 35002 ||| INVOKING Heroism.
 35214 | Vaults:1 | Reached skill level 24 in Fighting
 35227 | Vaults:1 | 35227 ||| INVOKING Heroism.
 35230 | Vaults:1 | HP: 31/198 [fire giant/+2 great sword of flaming (25)]
 35231 | Vaults:1 | 35231 ||| READING 8 scrolls of teleportation.
 35232 | Vaults:1 | 35232 ||| DRINKING 5 potions of heal wounds.
 35233 | Vaults:1 | 35233 ||| DRINKING 4 potions of heal wounds.
 35243 | Vaults:1 | HP: 44/198 [stone giant (7)]
 35244 | Vaults:1 | 35244 ||| READING 7 scrolls of teleportation.
 35245 | Vaults:1 | 35245 ||| DRINKING 3 potions of heal wounds.
 35682 | Vaults:1 | 35682 ||| FLEEEEING.
 35683 | Vaults:1 | 35683 ||| FLEEEEING.
 35684 | Vaults:1 | 35684 ||| FLEEEEING.
 35685 | Vaults:1 | 35685 ||| FLEEEEING.
 35686 | Vaults:1 | 35686 ||| FLEEEEING.
 35687 | Vaults:1 | 35687 ||| FLEEEEING.
 35695 | Vaults:1 | 35695 ||| FLEEEEING.
 35699 | Vaults:1 | 35699 ||| FLEEEEING.
 35704 | Vaults:1 | 35704 ||| FLEEEEING.
 35705 | Vaults:1 | 35705 ||| FLEEEEING.
 35706 | Vaults:1 | 35706 ||| FLEEEEING.
 35707 | Vaults:1 | 35707 ||| FLEEEEING.
 35708 | Vaults:1 | 35708 ||| FLEEEEING.
 35717 | Vaults:1 | 35717 ||| FLEEEEING.
 35718 | Vaults:1 | 35718 ||| FLEEEEING.
 35725 | Vaults:1 | 35725 ||| FLEEEEING.
 35742 | Vaults:1 | 35742 ||| FLEEEEING.
 35747 | Vaults:1 | 35747 ||| FLEEEEING.
 35748 | Vaults:1 | 35748 ||| FLEEEEING.
 35749 | Vaults:1 | 35749 ||| FLEEEEING.
 35750 | Vaults:1 | 35750 ||| FLEEEEING.
 35751 | Vaults:1 | 35751 ||| FLEEEEING.
 35754 | Vaults:1 | 35754 ||| FLEEEEING.
 35755 | Vaults:1 | 35755 ||| FLEEEEING.
 35756 | Vaults:1 | 35756 ||| FLEEEEING.
 35757 | Vaults:1 | 35757 ||| FLEEEEING.
 35763 | Vaults:1 | 35763 ||| STAIRDANCE
 35817 | Vaults:1 | 35817 ||| INVOKING Heroism.
 35875 | Vaults:1 | Identified the +6 falchion "Orb Guardian's Curse" {distort,
                  | rF+++ Str-2 Int+5 Dex+2}
 35878 | Vaults:1 | 35878 ||| FLEEEEING.
 35879 | Vaults:1 | 35879 ||| FLEEEEING.
 35880 | Vaults:1 | 35880 ||| FLEEEEING.
 35881 | Vaults:1 | 35881 ||| FLEEEEING.
 35882 | Vaults:1 | 35882 ||| FLEEEEING.
 35883 | Vaults:1 | 35883 ||| FLEEEEING.
 35884 | Vaults:1 | 35884 ||| FLEEEEING.
 35885 | Vaults:1 | 35885 ||| FLEEEEING.
 35886 | Vaults:1 | 35886 ||| FLEEEEING.
 35887 | Vaults:1 | 35887 ||| FLEEEEING.
 35888 | Vaults:1 | 35888 ||| FLEEEEING.
 35889 | Vaults:1 | 35889 ||| FLEEEEING.
 35890 | Vaults:1 | 35890 ||| FLEEEEING.
 35985 | Vaults:1 | Found the +7 sceptre of Torment {pain, torment}
 36387 | Vaults:2 | Found a staircase to the Crypt.
 36391 | Vaults:2 | 36391 ||| Stepping ~*~*~tactically~*~*~ (outnumbered).
 36394 | Vaults:2 | 36394 ||| Stepping ~*~*~tactically~*~*~ (outnumbered).
 36403 | Vaults:2 | 36403 ||| INVOKING Heroism.
 36658 | Vaults:2 | Reached skill level 21 in Dodging
 36680 | Vaults:2 | 36680 ||| INVOKING Heroism.
 36878 | Vaults:2 | 36878 ||| INVOKING Heroism.
 36879 | Vaults:2 | 36879 ||| Stepping ~*~*~tactically~*~*~ (outnumbered).
 36890 | Vaults:2 | 36890 ||| INVOKING Finesse.
 37105 | Vaults:2 | 37105 ||| FLEEEEING.
 37106 | Vaults:2 | 37106 ||| FLEEEEING.
 37107 | Vaults:2 | 37107 ||| FLEEEEING.
 37111 | Vaults:2 | 37111 ||| Stepping ~*~*~tactically~*~*~ (outnumbered).
 37187 | Vaults:2 | Found Eggefuf's Armour Shop.
 37295 | Vaults:2 | 37295 ||| Stepping ~*~*~tactically~*~*~ (outnumbered).
 37302 | Vaults:2 | 37302 ||| INVOKING Heroism.
 37317 | Vaults:2 | HP: 48/198 [vault warden/+1 war axe of freezing (22)]
 37318 | Vaults:2 | 37318 ||| READING 6 scrolls of teleportation.
 37319 | Vaults:2 | 37319 ||| DRINKING 2 potions of heal wounds.
 37320 | Vaults:2 | 37320 ||| DRINKING potion of heal wounds.
 37396 | Vaults:2 | 37396 ||| INVOKING Heroism.
 37518 | Vaults:2 | 37518 ||| INVOKING Heroism.
 37650 | Vaults:2 | Paralysed by a great orb of eyes for 3 turns
 37654 | Vaults:2 | 37654 ||| INVOKING Heroism.
 37657 | Vaults:2 | HP: 44/198 [vault warden/+0 war axe (21)]
 37658 | Vaults:2 | 37658 ||| READING 5 scrolls of teleportation.
 37662 | Vaults:2 | 37662 ||| READING 4 scrolls of teleportation.
 37662 | Vaults:2 | HP: 42/198 [yaktaur/bolt[a vault warden] (4)]
 37669 | Vaults:2 | 37669 ||| FLEEEEING.
 37670 | Vaults:2 | 37670 ||| FLEEEEING.
 37671 | Vaults:2 | 37671 ||| FLEEEEING.
 37672 | Vaults:2 | 37672 ||| FLEEEEING.
 37713 | Vaults:2 | 37713 ||| INVOKING Heroism.
 37773 | Vaults:2 | 37773 ||| INVOKING Heroism.
 37864 | Vaults:2 | 37864 ||| INVOKING Heroism.
 38271 | Vaults:2 | Found a runed translucent door.
 38347 | Vaults:2 | 38347 ||| INVOKING Heroism.
 38364 | Vaults:2 | 38364 ||| INVOKING Heroism.
 38665 | Vaults:2 | 38665 ||| INVOKING Heroism.
 38727 | Vaults:2 | Reached skill level 25 in Fighting
 38842 | Vaults:2 | 38842 ||| FLEEEEING.
 38843 | Vaults:2 | 38843 ||| FLEEEEING.
 38844 | Vaults:2 | 38844 ||| FLEEEEING.
 38845 | Vaults:2 | 38845 ||| FLEEEEING.
 38846 | Vaults:2 | 38846 ||| FLEEEEING.
 38847 | Vaults:2 | 38847 ||| FLEEEEING.
 38848 | Vaults:2 | 38848 ||| FLEEEEING.
 38849 | Vaults:2 | 38849 ||| FLEEEEING.
 39038 | Vaults:2 | 39038 ||| READING scroll of enchant weapon.
 39038 | Vaults:2 | 39038 ||| ENCHANTING +4 longbow.
 39101 | Vaults:2 | 39101 ||| INVOKING Heroism.
 39119 | Vaults:2 | Found Deypy's Armour Emporium.
 39129 | Vaults:2 | 39129 ||| BUYING +1 ring mail of fire resistance (368
                  | gold).
 39129 | Vaults:2 | Bought a +1 ring mail of fire resistance for 368 gold
                  | pieces
 39184 | Vaults:2 | Reached XP level 20. HP: 210/210 MP: 26/26
 39320 | Vaults:2 | 39320 ||| DROPPING +1 pair of gloves.
 39363 | Vaults:3 | 39363 ||| STAIRDANCE
 39497 | Vaults:3 | 39497 ||| INVOKING Heroism.
 39507 | Vaults:3 | HP: 37/210 [deep troll[an ironbound preserver] (31)]
 39508 | Vaults:3 | 39508 ||| READING 3 scrolls of teleportation.
 39509 | Vaults:3 | 39509 ||| DRINKING potion of heal wounds.
 39513 | Vaults:3 | 39513 ||| READING 2 scrolls of teleportation.
 39577 | Vaults:3 | 39577 ||| INVOKING Heroism.
 39615 | Vaults:3 | HP: 32/210 [ironbound thunderhulk/+0 dire flail (30)]
 39616 | Vaults:3 | 39616 ||| READING scroll of teleportation.
 39617 | Vaults:3 | HP: 10/210 [ironbound thunderhulk/+0 dire flail (23)]
 39618 | Vaults:3 | Mangled by an orc knight

Levels and vault maps discovered:
D:1:      evilmike_arrival_plus, layout_basic
D:2:      layout_basic
D:3:      layout_basic, minmay_misc_feat_enclosed
D:4:      layout_basic, lemuel_tele_altar, gammafunk_ghost_icy, serial_shops,
          nicolae_lakefront_shop, minmay_box_of_dots, uniq_grinder
D:5:      layout_basic, uniq_ijyb
D:6:      layout_loops_ring, nicolae_elyvilon_temple_path,
          minmay_temple_entry_grid, serial_shops, shop,
          gup_ossuary_entry_pyramid, minmay_small_thing
D:7:      layout_basic, mainiacjoe_overflow_catwalk, grunt_gozag_statues,
          minmay_misc_feat_four_crosses, uniq_prince_ribbit1, uniq_menkaure
D:8:      layout_loops_cross, nicolae_ru_awakened_eye,
          mainiacjoe_overflow_surrounded_room, mainiacjoe_overflow_24_doors,
          mainiacjoe_overflow_boulevard
D:9:      nicolae_moon_pools, layout_grid_maze, grunt_temple_overflow_open,
          minmay_orc_entry_temple_small, serial_demonic, serial_demonic_b,
          serial_demonic_e, serial_demonic_f, serial_demonic_c, the_hattery,
          uniq_joseph
D:10:     layout_basic, mainiacjoe_overflow_alcove_2, enter_bailey_5
D:11:     layout_loops_corners, due_lair_maze_entry_diamond,
          lemuel_blue_sif_altar
D:12:     layout_loops_corners, dk_vineyard_3, nrook_guardian_serpent_ordinary
D:13:     layout_roguey, vehumet_altar_wand_db
D:14:     lemuel_bear_cage, layout_cave_pools, david_vaults_1,
          nicolae_trove_entry_diagonal, hellmonk_bongcloud_opening,
          nicolae_shop_sticking_my_neck_out
D:15:     grunt_enter_depths_giant_problem, layout_rooms, chequers_mini_garden,
          minivault_28
Temple:   eino_temple_lava
Lair:1:   layout_cave_pods
Lair:2:   nzn_winding_woodlands_medium [nzn_winding_woodlands_5x5_checkerboard,
          nzn_winding_woodlands_5x15_crooked, nzn_winding_woodlands_5x5_three,
          nzn_winding_woodlands_5x5_perimeter,
          nzn_winding_woodlands_center_pierced_h,
          nzn_winding_woodlands_5x5_default, nzn_winding_woodlands_hourglass,
          nzn_winding_woodlands_5x15_pockets, nzn_winding_woodlands_5x5_cross],
          layout_layer_cave, minmay_snake_entry_guardpost_small,
          lemuel_fruit_tree
Lair:3:   layout_roguey [special_room_mythical_zoo],
          minmay_shoals_entry_lonely_mermaid, ebering_ghost_funeral_grove,
          nicolae_volcano_entry_lava_flow, gauntlet_entry_generic
Lair:4:   layout_regular_city
Lair:5:   hangedman_lair_caniforms_friends, layout_gridlike,
          hangedman_lair_in_review, nicolae_slime_entry_field_trip,
          infiniplex_staircase_pool_2
Shoals:1: layout_shoals, uniq_mlioglotl
Shoals:2: layout_shoals, serial_shops, nicolae_stop_n_shop_1,
          ebering_ghost_reflecting_pool
Shoals:3: layout_shoals, serial_shops, shop, shop, nicolae_book_shop_shelving,
          uniq_donald, uniq_ilsuiw, uniq_polyphemus, uniq_kirke, uniq_nikola
Snake:1:  layout_onion, basic_altar, grunt_megastairs_4
Snake:2:  layout_layer_cave, guppyfry_library_mini, serial_bayou_shore_b,
          grunt_megastairs_1, uniq_aizul
Snake:3:  layout_cave_pods, nicolae_snake_dead_anacondas
Snake:4:  johnstein_snake_rune_scales, layout_basic, serial_bayou_shore_b,
          grunt_megastairs_3, minmay_shop_grove, uniq_roxanne
Orc:1:    layout_diamond_mine
Orc:2:    grunt_orc_community_town_hall, layout_diamond_mine,
          grunt_orc_community_big_house_2, grunt_orc_community_big_house_1,
          grunt_orc_community_house_2, grunt_orc_community_house_1,
          grunt_orc_community_house_3, grunt_orc_community_house_2,
          guppyfry_orc_lava_fort
Vaults:1: v_rooms_5, vaults_room_door_ring, v_rooms_5, v_rooms_1,
          nicolae_vaults_storage_closets_3, vaults_dpeg_diagonal,
          nicolae_vaults_tetromino_L_2, ontoclasm_vaults_claustrophobia,
          v_misc_32, nicolae_vaults_tangram_2, v_misc_8,
          nicolae_vaults_antechamber_and_loot_room, nicolae_vaults_turnstiles,
          layout_vaults_maze_bifur, serial_shops, shop
Vaults:2: hangedman_vaults_slice, nicolae_vaults_doubleplus_tesselated,
          v_misc_26, nicolae_vaults_taking_the_gang_shopping,
          minmay_crypt_entry_simple_sparse, nicolae_vaults_storage_room_doors,
          nicolae_vaults_variable_pillar_hall, v_rooms_5, vaults_room_corners,
          nicolae_vaults_double_plus_1, grunt_vaults_focal,
          nicolae_vaults_oozy_zoo, nicolae_vaults_tetromino_T_2,
          layout_vaults_big_room, serial_shops, nicolae_shop_peninsula
Vaults:3: nicolae_vaults_offset_grid_hallway_4, nicolae_vaults_sesquioval_fish,
          nicolae_vaults_storage_closets_1, hangedman_vaults_maws,
          hangedman_vaults_river_flow, vaults_mumra_chevron,
          nicolae_vaults_know_your_exits, v_alt_pattern_3, vaults_room_octagon,
          v_misc_9, nicolae_vaults_stepped_doors, layout_vaults_omnicross

Skill      XL: |  1  2  3  4  5  6  7  8  9 10 11 12 13 14 15 16 17 18 19 |
---------------+----------------------------------------------------------+-----
Ranged Weapons | 5 6 7 8 9 11 12 14 16 17 19 20 | 20.0
Armour         | 1 2 3 4 5 6 10 12 13 14 | 14.0
Fighting       | 3 4 5 7 8 9 10 11 12 14 17 19 21 23 25 | 25.0
Dodging        | 4 6 8 9 10 11 13 15 17 18 20 21 | 21.7
Invocations    | 2 4 5 9 10 | 10.0
Stealth        | |  0.7

Action                     |  1- 3 |  4- 6 |  7- 9 | 10-12 | 13-15 | 16-18 | 19-21 || total
---------------------------+-------+-------+-------+-------+-------+-------+-------++-------
   Fire: Shortbow          |   116 |    21 |       |       |       |       |       ||   137
         Orcbow            |       |    66 |    47 |       |       |       |       ||   113
         Longbow           |       |       |   290 |   571 |  1378 |  2012 |   802 ||  5053
 Invoke: Heroism           |       |       |     4 |    24 |    31 |    43 |    23 ||   125
         Finesse           |       |       |       |     3 |    10 |     8 |     3 ||    24
    Use: Scroll            |     3 |     8 |    12 |     1 |    12 |     4 |     9 ||    49
         Potion            |     1 |     1 |     3 |       |       |     3 |     6 ||    14
 Armour: Leather armour    |     4 |       |    27 |    63 |    64 |     3 |       ||   161
         Ring mail         |    12 |     5 |    14 |       |       |   111 |    44 ||   186
  Dodge: Dodged            |    43 |    26 |   157 |   364 |   559 |   987 |   546 ||  2682
  Block: Other             |       |       |       |       |    85 |       |       ||    85
         Reflection        |       |       |       |       |     4 |       |       ||     4

Table legend:
 A = Non-vault XP
 B = Vault XP
 C = Vault XP percentage of total XP
 D = Non-vault monster count
 E = Vault monster count
 F = Vault count percentage of total count
                 A         B        C        D         E       F
            +---------+---------+-------+---------+---------+-------
      Total |  304228 |  188684 |  38.3 |     870 |     477 |  35.4
            +---------+---------+-------+---------+---------+-------
        D:1 |      16 |       0 |   0.0 |      10 |       0 |   0.0
        D:2 |      73 |       0 |   0.0 |      23 |       0 |   0.0
        D:3 |      71 |       0 |   0.0 |      14 |       0 |   0.0
        D:4 |     186 |     347 |  65.1 |      19 |       5 |  20.8
        D:5 |     160 |      41 |  20.4 |       8 |       1 |  11.1
        D:6 |     614 |      53 |   7.9 |      12 |       2 |  14.3
        D:7 |    1063 |     455 |  30.0 |      24 |       2 |   7.7
        D:8 |    1378 |       0 |   0.0 |      24 |       0 |   0.0
        D:9 |    1027 |    1596 |  60.8 |      14 |      13 |  48.1
       D:10 |    1856 |       8 |   0.4 |       8 |       4 |  33.3
       D:11 |    5497 |     990 |  15.3 |      20 |       7 |  25.9
       D:12 |    3515 |     448 |  11.3 |       7 |       1 |  12.5
       D:13 |    5889 |       2 |   0.0 |      15 |       1 |   6.2
       D:14 |   13951 |    2385 |  14.6 |      39 |       4 |   9.3
       D:15 |    8911 |    8773 |  49.6 |      19 |      13 |  40.6
     Lair:1 |    5247 |       0 |   0.0 |      22 |       0 |   0.0
     Lair:2 |    9325 |   12339 |  57.0 |      38 |      33 |  46.5
     Lair:3 |    8757 |    5485 |  38.5 |      34 |      25 |  42.4
     Lair:4 |   12368 |       0 |   0.0 |      28 |       0 |   0.0
     Lair:5 |    9306 |   21069 |  69.4 |      35 |      82 |  70.1
   Shoals:1 |   15512 |       0 |   0.0 |      33 |       0 |   0.0
   Shoals:2 |   18880 |       0 |   0.0 |      34 |       0 |   0.0
   Shoals:3 |   19032 |   15054 |  44.2 |      35 |      17 |  32.7
    Snake:1 |   26972 |     618 |   2.2 |      56 |       2 |   3.4
    Snake:2 |   19565 |   10335 |  34.6 |      40 |      20 |  33.3
    Snake:3 |   26519 |    9970 |  27.3 |      55 |      16 |  22.5
    Snake:4 |   23855 |   27735 |  53.8 |      45 |      42 |  48.3
      Orc:1 |    2454 |       0 |   0.0 |      29 |       0 |   0.0
      Orc:2 |    6016 |    8396 |  58.3 |      39 |      78 |  66.7
   Vaults:1 |   19077 |   26297 |  58.0 |      31 |      36 |  53.7
   Vaults:2 |   27995 |   28061 |  50.1 |      48 |      34 |  41.5
   Vaults:3 |    9141 |    6500 |  41.6 |      12 |       8 |  40.0
    Ossuary |       0 |     248 | 100.0 |       0 |      27 | 100.0
   Gauntlet |       0 |    1479 | 100.0 |       0 |       4 | 100.0
            +---------+---------+-------+---------+---------+-------
